 Dungeon Crawl Stone Soup version 0.13-a0-2923-g04ac8d1 (webtiles) character file.

694 JacquesDerrida the Shooter (level 6, -5/48 HPs)
             Began as a Draconian Hunter on Sept 2, 2013.
             Slain by Duvessa
             ... wielding a cursed -1,-3 elven short sword
              (11 damage)
             ... on Level 5 of the Dungeon.
             The game lasted 00:11:25 (4333 turns).

JacquesDerrida the Shooter (Draconian Hunter)       Turns: 4333, Time: 00:11:26

HP  -5/48        AC  6     Str 14      XL: 6   Next: 65%
MP   5/5         EV 12     Int 14      God:
Gold 266         SH  0     Dex 11      Spells:  0 memorised,  5 levels left

Res.Fire  : . . .   See Invis. : .   b - +1 bow
Res.Cold  : . . .   Warding    : .   (armour unavailable)
Life Prot.: . . .   Conserve   : .   (no shield)
Res.Poison: .       Res.Corr.  : .   (helmet restricted)
Res.Elec. : .       Clarity    : .   (no cloak)
Sust.Abil.: . .     Spirit.Shd : .   (no gloves)
Res.Mut.  : .       Stasis     : .   (no boots)
Res.Rott. : .       Flight     : .   (no amulet)
Saprovore : . . .                    (no ring)
                                     (no ring)

@: slightly resistant to hostile enchantments, unstealthy
A: unfitting armour, AC +6
a: no special abilities


You were on level 5 of the Dungeon.
You were hungry.

You visited 1 branch of the dungeon, and saw 5 of its levels.

You collected 246 gold pieces.

Inventory:

Hand weapons
 a - a +2,+4 dwarven dagger of freezing
 b - a +1,+1 bow (weapon)
Missiles
 c - 9 arrows (quivered)
 j - 5 javelins
Comestibles
 f - 2 bread rations
 g - a meat ration
 h - 2 pears
 i - 2 apples
 u - 16 strawberries
 w - a snozzcumber
Scrolls
 d - 3 scrolls of teleportation {unknown}
 e - 2 scrolls of recharging {unknown}
 m - a scroll of curse jewellery {unknown}
 o - 3 scrolls of remove curse {unknown}
 s - a scroll of enchant weapon I {unknown}
 t - a scroll of identify {unknown}
 v - 2 scrolls of fog {unknown}
Potions
 k - a potion of cure mutation {unknown}
 l - a potion of speed {unknown}
 n - a potion of heal wounds {unknown}
 q - a potion of berserk rage {unknown}
 r - a potion of restore abilities {unknown}
 x - a potion of brilliance {unknown}


   Skills:
 - Level 1.1 Fighting
 + Level 7.4 Bows
 - Level 1.7 Dodging
 - Level 0.8 Stealth


You had 5 spell levels left.
You didn't know any spells.

Dungeon Overview and Level Annotations

Branches:
Dungeon (5/27)
 Temple: D:4-7

Altars:
Elyvilon

Shops:
D:5 (

Annotations:
D:5 Duvessa


Message History

Aim: Duvessa, wielding a runed elven short sword (heavily wounded, berserk)
You shoot an arrow. The arrow hits Duvessa.
Duvessa is severely wounded.
Duvessa hits you with a runed elven short sword!
* * * LOW HITPOINT WARNING * * *
Firing (i - inventory. (,) - cycle):
c - 11 arrows (quivered)
Press: ? - help, Shift-Dir - straight line, f/p - Duvessa
Aim: Duvessa, wielding a runed elven short sword (severely wounded, berserk)
You shoot an arrow. The arrow hits Duvessa.
Duvessa is almost dead.
Duvessa hits you with a runed elven short sword.
* * * LOW HITPOINT WARNING * * *
Firing (i - inventory. (,) - cycle):
c - 10 arrows (quivered)
Press: ? - help, Shift-Dir - straight line, f/p - Duvessa
Aim: Duvessa, wielding a runed elven short sword (almost dead, berserk)
You shoot an arrow. The arrow hits Duvessa.
Duvessa is almost dead.
Duvessa closely misses you.
Duvessa hits you with a runed elven short sword!
You die...

#.# #..# #.# #..# #
##.## #..# #. ...#
#..# ##8#####..# #..#
##......#..########..#
...$....>............#
#.∩.......########.##
#..)........@.# #.#
##.####..####e# #.#
..#..# #(# #.# #.#..#
#.# #.# #.#..# #(# #.#
#.#..# #(####.#
#.#####.#..####......#
#..............(...###
#######.#.######.#.#


You could see Duvessa (berserk).

Vanquished Creatures
  Blork the orc (D:4)
  Dowan (D:5)
  2 orc wizards
  A scorpion (D:4)
  4 gnolls (D:3)
  4 adders
  2 giant mites (D:1)
  2 worms
  2 adder zombies
  2 oozes (D:2)
  14 orcs
  A bat zombie (D:2)
  4 giant cockroaches
  8 goblins
  12 hobgoblins
  10 jackals (D:3)
  3 quokkas (D:2)
  2 ball pythons
  17 bats
  2 giant geckos
  7 giant newts
  2 giant newt zombies (D:2)
  A jackal skeleton (D:4)
  A jackal zombie (D:2)
  7 kobolds
  11 rats
  2 rat skeletons
125 creatures vanquished.

Vanquished Creatures (others)
  A hobgoblin (D:3)
1 creature vanquished.

Grand Total: 126 creatures vanquished

Notes
Turn   | Place    | Note
--------------------------------------------------------------
     0 | D:1      | JacquesDerrida, the Draconian Hunter, began the quest for the Orb.
     0 | D:1      | Reached XP level 1. HP: 17/17 MP: 0/0
   157 | D:1      | Reached skill level 4 in Bows
   157 | D:1      | Reached XP level 2. HP: 15/24 MP: 1/1
   566 | D:1      | Reached XP level 3. HP: 29/29 MP: 2/2
  1133 | D:2      | Reached skill level 5 in Bows
  1259 | D:2      | Reached XP level 4. HP: 22/36 MP: 3/3
  2064 | D:3      | Reached XP level 5. HP: 35/41 MP: 4/4
  2176 | D:3      | Reached skill level 6 in Bows
  2468 | D:3      | Found a white marble altar of Elyvilon.
  3418 | D:4      | Reached XP level 6. HP: 45/48 MP: 5/5
  3830 | D:4      | Noticed Blork the orc
  3840 | D:4      | Killed Blork the orc
  3840 | D:4      | Reached skill level 7 in Bows
  4179 | D:5      | Entered Level 5 of the Dungeon
  4268 | D:5      | Found Mocuriuc's Weapon Emporium.
  4269 | D:5      | Noticed Dowan
  4274 | D:5      | Killed Dowan
  4326 | D:5      | Noticed Duvessa
  4333 | D:5      | Slain by Duvessa

Action                   |  1- 3 |  4- 6 || total
-------------------------+-------+-------++-------
Melee: Short sword       |   180 |   185 ||   365
       Dagger            |       |   100 ||   100
 Fire: Bow               |    18 |    89 ||   107
Throw: Javelin           |       |     5 ||     5
 Stab: Sleeping          |     1 |     1 ||     2
